 Dungeon Crawl Stone Soup version 0.28.0-49-g6dfe1f597d (webtiles) character file.

Game seed: 6506080475412476419

7 hawla the Ducker (level 1, -1/7 HPs)
             Began as a Felid Fire Elementalist on May 16, 2022.
             Slain by a ball python (2 damage)
             ... on level 1 of the Dungeon.
             The game lasted 00:00:49 (478 turns).

hawla the Ducker (Felid Fire Elementalist)           Turns: 478, Time: 00:00:50

Health: -1/7       AC:  1    Str:  4    XL:     1   Next: 91%
Magic:  3/4        EV: 17    Int: 16    God:
Gold:   5          SH:  0    Dex: 16    Spells: 3/4 levels left
                                        Lives:  0   Deaths: 0

rFire   . . .      SeeInvis +   (weapon unavailable)
rCold   . . .      Faith    .   (shield unavailable)
rNeg    . . .      Spirit   .   (armour unavailable)
rPois   .          Reflect  .   (helmet unavailable)
rElec   .          Harm     .   (cloak unavailable)
rCorr   .          Rampage  .   (gloves unavailable)
Will    .....                   (boots unavailable)
Stlth   ++........              (no amulet)
HPRegen 0.02/turn               (no ring)
MPRegen 0.09/turn               (no ring)

@: quick
A: very small, claws 1, fangs 3, see invisible, speed 1, shaggy fur 1, stealthy
paws, no weapons or thrown items, no armour, multi-lived
a: no special abilities


You were on level 1 of the Dungeon.
You visited 1 branch of the dungeon, and saw 1 of its levels.

You collected 5 gold pieces.

Inventory:

Scrolls
 a - a scroll of amnesia {unknown}


   Skills:
 + Level 3.1 Dodging
 + Level 2.8 Stealth
 + Level 2.0 Spellcasting
 + Level 0.8 Conjurations
 + Level 2.9 Fire Magic


You had 3 spell levels left.
You knew the following spells:

 Your Spells              Type           Power      Damage    Failure   Level
a - Foxfire               Conj/Fire      28%        2x1d5     10%         1

Your spell library contained the following spells:

 Spells                   Type           Power      Damage    Failure   Level
 Scorch                   Fire           22%        2d6       10%         2
 Conjure Flame            Conj/Fire      7%         6-21      28%         3
 Inner Flame              Hex/Fire       6%         N/A       34%         3
 Flame Wave               Conj/Fire      7%         2d5       67%         4


Dungeon Overview and Level Annotations

Branches:
Dungeon (1/15)

Altars:


Innate Abilities, Weirdness & Mutations

You have sharp claws.
You have razor-sharp teeth.
You have supernaturally acute eyesight. (SInv)
You cover ground quickly. (Speed+)
You are covered in fur. (AC +1)
Your paws help you pounce on unaware monsters.
You are incapable of wielding weapons or throwing items.
You cannot wear armour.
You gain extra lives every three experience levels.


Message History

The frilled lizard is heavily wounded.
The frilled lizard barely misses you.
You miss the frilled lizard. The frilled lizard closely misses you.
You barely miss the frilled lizard.
The frilled lizard bites you but does no damage.
You scratch the frilled lizard but do no damage.
The frilled lizard bites you.
You scratch the frilled lizard.
You kill the frilled lizard!
No target in view!
No target in view!
No target in view!
A ball python comes into view.
A ball python is nearby!
A ball python is nearby!
A ball python is nearby!
A ball python is nearby!
The ball python hisses angrily.
You scratch the ball python.
You kill the ball python!
No target in view!
A ball python comes into view.
The ball python hisses angrily.
A ball python is nearby!
A ball python is nearby!
A ball python is nearby!
A ball python is nearby!
You barely miss the ball python. The ball python bites you.
The ball python grabs you. The ball python constricts you.
You closely miss the ball python. The ball python bites you.
* * * LOW HITPOINT WARNING * * *
The ball python constricts you.
You are too injured to fight recklessly!
You are too injured to fight recklessly!
You escape the ball python's grasp.
The ball python closely misses you. x2
Casting: Foxfire (safe; 10% risk of failure)
Confirm with . or Enter, or press ? or * to list all spells.
You conjure some foxfire!
The ball python bites you.
You die...

########## #.........
#.######## ######### #.#
#..# #### ##.v@v...# #.#
#... ####...
#..S.###.###.### ##..
....... #..#.# #.#.....#
#).
.....###..#.###.#...#.#
#.#
...#......†.#.#####.####.#
#.##.#..####.......#....#
#....#.>.................
#######.##.#########.#...
.........#....†..).).....


You could see a ball python (ally target).

Vanquished Creatures
  2 endoplasms (D:1)
  A hobgoblin (D:1)
  A ball python (D:1)
  2 bats (D:1)
  A frilled lizard (D:1)
  A kobold (D:1)
8 creatures vanquished.

Vanquished Creatures (collateral kills)
  2 foxfires (D:1)
2 creatures vanquished.

Vanquished Creatures (others)
  6 foxfires (D:1)
  A fungus (D:1)
7 creatures vanquished.

Grand Total: 17 creatures vanquished

Notes
Turn   | Place    | Note
-------+----------+-------------------------------------------
     0 | D:1      | hawla the Felid Fire Elementalist began the quest for the
                  | Orb.
     0 | D:1      | Reached XP level 1. HP: 7/7 MP: 4/4
   321 | D:1      | Reached skill level 3 in Dodging
   478 | D:1      | Slain by a ball python

Illustrated notes

Levels and vault maps discovered:
D:1:      dpeg_arrival_water_fire, layout_basic,
          hellmonk_ecumenical_altar_run_dry, serial_shops, nicolae_shop_stone

Skill      XL: |  1 |
---------------+----+-----
Dodging        | 3 |  3.1
Stealth        | |  2.8
Spellcasting   | |  2.0
Conjurations   | |  0.8
Fire Magic     | |  2.9

Action                   || total
-------------------------++-------
Melee: Unarmed           ||    21
       Bite              ||     5
 Cast: Foxfire           ||     7
 Stab: Sleeping          ||     1
Armor: Skin              ||     2
Dodge: Dodged            ||    11
